Map: Blood Boil LE

Players

Neeb - Winner!

  • Race: Protoss Protoss
  • Spawn Location: 11:00

SpeCIaL

  • Race: Terran Terran
  • Spawn Location: 5:00

Event: WCS Jonkoping 2017

VOD

https://youtu.be/oc24dNqJ7kM

Description

Time

  • Played on: June 19, 2017, 10:42 a.m.
  • Length: 12:11

All games in this series

Show
View Real Time Build Order
Export as new Build Order

Neeb Protoss - Winner!

Build Orders: 1 Gate Expand 

Get SALT Encoding   

  12  0:00  Probe (Chrono Boost), Unknown  
  13  0:11  Probe (Chrono Boost)  
  14  0:18  Pylon  
  14  0:22  Probe (Chrono Boost)  
  15  0:36  Probe (Chrono Boost)  
  15  0:37  Gateway  
  16  0:45  Assimilator  
  16  0:47  Probe (Chrono Boost)  
  17  0:57  Probe (Chrono Boost)  
  18  1:08  Probe (Chrono Boost)  
  19  1:21  Nexus  
  19  1:31  Cybernetics Core  
  19  1:37  Assimilator  
  19  1:43  Zealot (Chrono Boost)  
  22  1:49  Pylon  
  22  1:53  Probe (Chrono Boost)  
  22  2:14  Mothership Core (Chrono Boost)  
  23  2:26  Adept (Chrono Boost)  
  24  2:31  Probe  
  24  2:33  Probe  
  26  2:42  Probe  
  27  2:45  Probe  
  27  2:46  Warp Gate  
  27  2:50  Adept (Chrono Boost)  
  29  2:53  Probe  
  29  2:57  Probe  
  31  3:03  Probe  
  32  3:09  Probe  
  33  3:14  Probe  
  33  3:16  Adept (Chrono Boost)  
  36  3:21  Probe  
  36  3:22  Pylon  
  36  3:24  Probe  
  37  3:33  Probe  
  38  3:34  Stargate  
  38  3:35  Probe  
  39  3:45  Probe x2  
  41  3:56  Probe  
  41  3:57  Probe (Chrono Boost)  
  43  4:07  Robotics Facility  
  43  4:08  Probe (Chrono Boost)  
  43  4:09  Probe (Chrono Boost)  
  45  4:15  Gateway  
  45  4:20  Probe (Chrono Boost), Oracle (Chrono Boost)  
  45  4:21  Probe  
  50  4:26  Assimilator  
  50  4:30  Probe  
  50  4:31  Pylon  
  50  4:33  Probe  
  52  4:41  Probe  
  53  4:45  Probe  
  53  4:46  Pylon  
  53  4:51  Probe  
  53  4:52  Phoenix (Chrono Boost)  
  56  4:54  Observer  
  56  4:57  Probe  
  59  5:02  Nexus  
  59  5:12  Probe  
  59  5:13  Phoenix (Chrono Boost)  
  59  5:14  Probe  
  57  5:24  Probe x2  
  57  5:35  Probe, Phoenix (Chrono Boost)  
  59  5:36  Probe  
  61  5:45  Twilight Council  
  61  5:46  Forge  
  61  5:47  Observer  
  61  5:48  Probe x2  
  64  5:58  Probe, Sentry  
  64  6:00  Probe  
  64  6:03  Pylon  
  68  6:05  Pylon  
  68  6:09  Probe, Protoss Ground Weapons Level 1  
  69  6:12  Probe  
  69  6:14  Phoenix (Chrono Boost)  
  72  6:19  Pylon  
  72  6:20  Probe  
  72  6:25  Probe  
  74  6:26  Probe  
  74  6:30  Probe  
  76  6:35  Resonating Glaives (Chrono Boost)  
  76  6:37  Probe  
  76  6:38  Probe  
  76  6:39  Phoenix (Chrono Boost)  
  78  6:46  Probe  
  81  6:52  Gateway  
  81  6:53  Probe x2  
  83  6:55  Gateway  
  83  6:56  Gateway  
  83  6:58  Photon Cannon  
  83  6:59  Probe  
  84  7:02  Sentry, Phoenix  
  88  7:13  Probe x2  
  88  7:14  Probe  
  91  7:16  Pylon  
  91  7:18  Photon Cannon  
  89  7:24  Phoenix  
  89  7:25  Gateway  
  89  7:26  Gateway  
  89  7:29  Probe  
  91  7:30  Probe x2  
  91  7:36  Stalker  
  90  7:41  Probe  
  90  7:42  Probe x2  
  92  7:48  Adept  
  94  7:54  Probe x2  
  94  7:55  Gateway  
  94  7:59  Probe, Gateway, Phoenix  
  94  8:00  Assimilator  
  97  8:13  Adept x4  
  97  8:19  Warp Prism  
  107  8:24  Pylon  
  107  8:27  Adept x3  
  107  8:28  Phoenix  
  114  8:36  Protoss Ground Armor Level 1  
  114  8:38  Probe  
  114  8:39  Probe  
  114  8:40  Photon Cannon, Probe  
  114  8:43  Adept  
  114  8:44  Adept x2  
  114  8:47  Adept  
  114  8:48  Adept  
  122  8:50  Probe  
  122  8:54  Warp Prism  
  125  9:01  Photon Cannon  
  123  9:13  Phoenix  
  118  9:27  Pylon  
  118  9:30  Assimilator  
  118  9:31  Pylon x3  
  115  9:34  Adept x4  
  123  9:41  Probe x2  
  123  9:45  Probe  
  126  9:46  Pylon x2  
  126  9:47  Pylon, Nexus  
  126  9:58  Adept x9  
  142  10:21  Adept x8  
  134  10:26  Probe x3  
  145  10:30  Photon Cannon  
  137  10:46  Forge  
  137  10:48  Assimilator  
  129  10:51  Assimilator  
  129  10:53  Immortal  
  133  11:03  Probe x3  
  134  11:05  Probe  
  135  11:12  Stalker x5, Robotics Bay  
  135  11:14  Pylon  
  135  11:15  Probe, Robotics Facility  
  146  11:30  Adept x4  
  154  11:43  Adept  
  154  11:46  Adept x4  
Show
View Real Time Build Order
Export as new Build Order

SpeCIaL Terran 

Build Orders: Cyclone Opening, MMM Bio 

Get SALT Encoding   

  12  0:00  Unknown, SCV  
  13  0:12  SCV  
  14  0:18  Supply Depot  
  14  0:25  SCV  
  15  0:40  Barracks  
  15  0:43  Refinery  
  15  0:47  SCV  
  16  0:54  Refinery  
  16  0:59  SCV  
  17  1:11  SCV  
  19  1:28  Reaper  
  19  1:29  Orbital Command  
  19  1:35  Supply Depot  
  19  1:48  Factory  
  19  1:55  SCV  
  19  2:00  Reaper  
  21  2:15  SCV  
  22  2:27  SCV  
  23  2:33  Starport  
  23  2:34  Cyclone  
  26  2:41  SCV  
  27  2:49  Supply Depot  
  27  2:53  SCV  
  28  3:05  SCV  
  29  3:10  Starport Tech Lab  
  29  3:17  SCV  
  30  3:20  Widow Mine  
  32  3:28  Cloaking Field  
  32  3:29  SCV, Banshee  
  32  3:32  Supply Depot  
  36  3:41  SCV  
  36  3:54  SCV  
  37  3:59  Command Center  
  37  4:03  Widow Mine  
  37  4:07  SCV  
  40  4:11  Supply Depot  
  40  4:15  Banshee  
  43  4:19  SCV  
  43  4:21  Barracks Reactor  
  44  4:31  SCV  
  45  4:40  Widow Mine  
  45  4:41  Barracks  
  45  4:43  SCV, Barracks  
  48  4:55  SCV  
  49  5:02  Banshee  
  51  5:07  SCV  
  51  5:09  Marine x2  
  54  5:19  SCV, Widow Mine  
  54  5:26  Marine  
  54  5:27  Marine  
  53  5:29  Barracks Tech Lab  
  53  5:30  Barracks Tech Lab  
  53  5:31  SCV, Orbital Command  
  54  5:44  Marine x2  
  56  5:50  Marine x2, Combat Shields  
  56  5:51  Stimpack  
  56  5:53  SCV  
  59  5:57  Starport  
  59  6:00  SCV  
  59  6:02  Marine, Engineering Bay  
  61  6:09  SCV  
  62  6:11  Liberator  
  62  6:12  SCV  
  62  6:17  Supply Depot  
  63  6:19  Marine x2  
  63  6:21  Marine, Factory Reactor, SCV  
  63  6:24  SCV  
  67  6:33  SCV  
  67  6:36  SCV  
  67  6:37  Terran Infantry Weapons Level 1  
  67  6:39  Marine x3  
  69  6:40  Marine, Refinery  
  69  6:46  SCV  
  71  6:48  SCV  
  72  6:58  SCV  
  72  7:00  SCV  
  73  7:02  Marine x3  
  73  7:03  Marine  
  73  7:04  Factory Reactor  
  77  7:10  SCV  
  77  7:11  Medivac, Command Center, Supply Depot  
  77  7:13  SCV, Medivac  
  80  7:23  Marine x4, SCV  
  80  7:25  SCV  
  80  7:29  Barracks  
  86  7:30  Barracks  
  86  7:35  SCV  
  88  7:37  SCV  
  88  7:40  Marine  
  88  7:41  Marine x2  
  88  7:47  SCV  
  88  7:49  SCV  
  88  7:50  Medivac x2  
  94  7:52  Marine  
  92  7:58  Marine x2  
  92  8:03  Supply Depot  
  94  8:10  Supply Depot  
  94  8:20  Marine x2, Widow Mine x2  
  94  8:21  SCV x2, Barracks Tech Lab  
  94  8:22  Barracks Reactor  
  94  8:23  Marine, Banshee  
  94  8:26  Missile Turret  
  102  8:27  Orbital Command  
  102  8:29  Marauder  
  102  8:33  SCV x2  
  102  8:40  Marine x2  
  102  8:41  Marauder, Marine  
  107  8:45  SCV x2  
  109  8:49  Widow Mine x2  
  109  8:50  Marauder  
  109  8:55  Supply Depot  
  113  8:57  SCV x2  
  113  8:58  SCV, Marine x2  
  113  8:59  Marine x3  
  121  9:09  SCV x2  
  117  9:10  Marauder  
  117  9:11  Marine  
  117  9:14  Banshee  
  117  9:16  Marine x2  
  114  9:17  Marauder  
  114  9:18  SCV, Widow Mine x2  
  114  9:21  SCV x2, Supply Depot  
  114  9:22  Marine x2  
  120  9:29  Marauder, Medivac x2  
  126  9:32  Marauder  
  126  9:37  Terran Infantry Armor Level 1  
  128  9:40  SCV, Refinery  
  128  9:41  Refinery  
  128  9:42  Engineering Bay  
  128  9:43  Armory  
  129  9:45  Marine  
  129  9:46  Marauder, Marine x2  
  129  9:48  Marine, Missile Turret  
  129  9:51  Supply Depot  
  135  9:54  SCV x3  
  137  10:06  Marauder, Marine x2  
  131  10:07  Marine x2  
  131  10:08  Marauder  
  125  10:15  Marauder  
  125  10:18  Medivac  
  98  10:24  Marine x2  
  98  10:27  Marine  
  98  10:28  Marauder  
  98  10:29  Marauder  
  98  10:30  Marine  
  94  10:37  Marauder  
  94  10:39  SCV x3  
  94  10:42  Marine x2  
  101  10:44  Marine  
  101  10:48  Marine  
  101  10:49  Marauder  
  105  10:51  SCV  
  105  10:52  Marauder  
  105  10:53  Missile Turret  
  103  11:03  Marauder, Marine x3  
  103  11:06  Marine  
  103  11:09  SCV x3  
  107  11:12  Medivac  
  107  11:13  Medivac  
  107  11:17  Widow Mine  
  113  11:20  Widow Mine  
  113  11:21  Marine x3  
  113  11:23  Marauder  
  120  11:26  SCV  
  120  11:27  SCV  
  120  11:28  SCV  
  120  11:37  Marine x2  
  120  11:38  Marauder  
  120  11:39  Marine  
  121  11:41  Marine  
  121  11:45  Marauder  
  113  11:50  Marine  
Tags
 
Add a new tag
Caveats
  • Supply blocks, unpowered buildings, or Contaminate may cause inaccurate times.
  • Supply counts are checked every 10 seconds.